 Dungeon Crawl Stone Soup version 0.27-a0-1359-ga2a4dfd6fd (webtiles) character file.

Game seed: 9732827762477764

597 ABBCCCDDDD the Ducker (level 7, -13/51 HPs)
             Began as a Djinni Fire Elementalist on June 28, 2021.
             Was an Initiate of Okawaru.
             Mangled by an ogre (16 damage)
             ... on level 5 of the Dungeon.
             The game lasted 00:15:58 (6035 turns).

ABBCCCDDDD the Ducker (Djinni Fire Elementalist)    Turns: 6035, Time: 00:15:59

Health: -13/51     AC:  3    Str:  7    XL:     7   Next: 68%
Gold:   218        EV: 13    Int: 20    God:    Okawaru [......] SH:  0 Dex: 12

rFire    + + +     SeeInvis +   u - +6 long sword "Omasurri" {chaos, rF+++ Int+2 Dex-2 SInv}
rCold    x . .     Faith    .   (no shield)
rNeg     . . .     Spirit   .   a - +0 robe
rPois    ∞         Reflect  .   k - +0 helmet
rElec    .         Harm     .   (no cloak)
rCorr    .         Rampage  .   (no gloves)
Will     .....                  (boots unavailable)
Stlth    ++........             (no amulet)
HPRegen  0.17/turn              i - ring of wizardry
MPRegen  0.00/turn              (no ring)

@: flying
A: sickness immunity, fire resistance 2, cold vulnerability 1, float, innate
caster, hp casting, extra vitality 1
a: Renounce Religion


You were on level 5 of the Dungeon.
You worshipped Okawaru.
Okawaru was noncommittal.
You visited 2 branches of the dungeon, and saw 6 of its levels.
You also visited: Sewer.

You collected 246 gold pieces.
You spent 28 gold pieces at shops.

Inventory:

Hand Weapons
 c - a +0 club
 d - a +0 dagger
 u - the +6 long sword "Omasurri" (weapon) {chaos, rF+++ Int+2 Dex-2 SInv}
   (You found it in a sewer)

   Each time it hits an enemy it has a different, random effect.
   Int:       It affects your intelligence (+2).
   Dex:       It affects your dexterity (-2).
   rF:        It renders you almost immune to fire.
   SInv:      It lets you see invisible.
Armour
 a - a +0 robe (worn)
 k - a +0 helmet (worn)
Jewellery
 i - a ring of wizardry (left hand)
Wands
 y - a wand of acid (9)
Scrolls
 b - 2 scrolls of noise {unknown}
 e - a scroll of enchant weapon {unknown}
 g - a scroll of vulnerability {unknown}
 l - a scroll of holy word
 m - a scroll of brand weapon
 n - a scroll of silence {unknown}
 q - a scroll of fear {unknown}
 s - 2 scrolls of teleportation {unknown}
 t - 3 scrolls of magic mapping {unknown}
 v - a scroll of blinking {unknown}
 x - a scroll of amnesia {unknown}
Potions
 f - 2 potions of haste
 h - a potion of invisibility {unknown}
 j - a potion of might
 o - a potion of flight {unknown}
 p - a potion of cancellation {unknown}
 r - a potion of heal wounds {unknown}
 w - a potion of mutation {unknown}


   Skills:
 + Level 3.9 Fighting
 + Level 2.5 Long Blades
 + Level 5.0 Dodging
 - Level 1.5 Stealth
 + Level 3.7 Spellcasting


You couldn't memorise any spells.
You knew the following spells:

 Your Spells              Type           Power      Damage    Failure   Level
a - Foxfire               Conj/Fire      72%        2x1d7     1%          1
b - Conjure Flame         Conj/Fire      18%        6-21      3%          3
c - Inner Flame           Hex/Fire       18%        N/A       3%          3
d - Sticky Flame          Conj/Fire      18%        2d4       12%         4
e - Fireball              Conj/Fire      9%         3d6       30%         5
f - Corona                Hex            20%        N/A       1%          1
g - Searing Ray           Conj           36%        3d4       1%          2
h - Static Discharge      Conj/Air       18%        N/A       1%          2
Your spell library was empty.

Dungeon Overview and Level Annotations

Branches:
Dungeon (5/15)             Temple (1/1) D:4           Sewer (visited)

Altars:
Ashenzari
Dithmenos
Elyvilon
Fedhas
Hepliaklqana
Kikubaaqudgha
Makhleb
Nemelex Xobeh
Okawaru
Uskayaw
Vehumet
Wu Jian
Xom
Yredelemnul
The Shining One

Shops:
D:5 *

Annotations:
D:3 1 runed translucent door, exclusion: door, Brandom's ghost, amateur TeAE


Innate Abilities, Weirdness & Mutations

You are immune to sickness and miasma.
You are immune to poison.
Your flesh is very heat resistant. (rF++)
You are vulnerable to cold. (rC-)
You float through the air rather than walking.
You learn spells naturally, not from books.
Your magical power is your life essence.
You have superior vitality. (+4 HP)


Message History

You kill the scorpion!
Okawaru accepts your kill.
Your Dodging skill increases to level 5!
You start resting.
Your foxfire dissipates!
HP restored.
An ogre comes into view. It is wielding a +0 giant spiked club.
Casting: Foxfire (safe; 1% risk of failure)
Confirm with . or Enter, or press ? or * to list all spells.
You conjure some foxfire!
The ogre shouts!
The foxfire hits the ogre.
The ogre is lightly wounded.
Casting: Foxfire (safe; 1% risk of failure)
Confirm with . or Enter, or press ? or * to list all spells.
You conjure some foxfire!
The foxfire hits the ogre.
The ogre is moderately wounded.
Your foxfire dissipates!
Your foxfire dissipates!
Casting: Foxfire (safe; 1% risk of failure)
Confirm with . or Enter, or press ? or * to list all spells.
You conjure some foxfire!
The ogre hits you with a +0 giant spiked club!!
The ogre barely misses you.
You riposte.
You slash the ogre!
The ogre is severely wounded.
Your foxfire dissipates!
Casting: Foxfire (safe; 1% risk of failure)
Confirm with . or Enter, or press ? or * to list all spells.
You conjure some foxfire!
The foxfire hits the ogre.
The ogre is severely wounded.
The foxfire hits the ogre.
The ogre is almost dead.
Casting: Foxfire (safe; 1% risk of failure)
Confirm with . or Enter, or press ? or * to list all spells.
You conjure some foxfire!
The ogre hits you with a +0 giant spiked club!!
Ouch! That really hurt!
* * * LOW HITPOINT WARNING * * *
The ogre hits you with a +0 giant spiked club!
You die...

##.##
#...#
#.#.# ###
#...# ..#
###.# #[#
#.# #.#
#.#
#<#####.#
#..v@O..#
#########


You could see an ogre (ally target).

Vanquished Creatures
  Purgy (Sewer)
  A black bear (D:5)
  2 scorpions
  A water moccasin skeleton (D:5)
  A hound (D:4)
  An orc priest (D:5)
  An orc wizard (D:4)
  2 hound skeletons (D:4)
  6 adders
  A river rat (D:4)
  A worm (D:2)
  2 dart slugs
  7 orcs
  2 bats
  8 endoplasms
  3 giant cockroaches
  8 goblins
  3 hobgoblins
  3 jackals (D:1)
  7 kobolds
  6 quokkas
  6 ball pythons
  5 frilled lizards
  4 rats
82 creatures vanquished.

Vanquished Creatures (collateral kills)
  A foxfire (D:1)
1 creature vanquished.

Vanquished Creatures (others)
  242 foxfires
242 creatures vanquished.

Grand Total: 325 creatures vanquished

Notes
Turn   | Place    | Note
-------+----------+-------------------------------------------
     0 | D:1      | ABBCCCDDDD the Djinni Fire Elementalist began the quest for
                  | the Orb.
     0 | D:1      | Reached XP level 1. HP: 15/15 MP: 0/0
   311 | D:1      | Reached XP level 2. HP: 22/22 MP: 0/0
   325 | D:1      | Reached skill level 1 in Fighting
   606 | D:1      | Reached skill level 3 in Dodging
   606 | D:1      | Reached XP level 3. HP: 20/27 MP: 0/0
   606 | D:1      | Learned a level 1 spell: Corona
  2476 | D:3      | Reached XP level 4. HP: 31/33 MP: 0/0
  2491 | D:3      | Found a runed translucent door.
  2494 | D:3      | Noticed Brandom's ghost (amateur TeAE)
  3545 | D:4      | Reached XP level 5. HP: 11/39 MP: 0/0
  3545 | D:4      | Learned a level 2 spell: Searing Ray
  3554 | D:4      | Found a glowing drain.
  3558 | Sewer    | Entered a sewer
  3770 | Sewer    | Identified the +6 long sword "Omasurri" {chaos, rF+++ Int+2
                  | Dex-2 SInv}
  3853 | Sewer    | Noticed Purgy
  3862 | Sewer    | Killed Purgy
  3863 | Sewer    | Reached skill level 1 in Long Blades
  3863 | Sewer    | Reached skill level 4 in Dodging
  3863 | Sewer    | Reached XP level 6. HP: 33/45 MP: 0/0
  4178 | D:4      | Found a staircase to the Ecumenical Temple.
  4382 | Temple   | Entered the Ecumenical Temple
  4529 | Temple   | Became a worshipper of Warmaster Okawaru
  4709 | D:4      | Found a basalt altar of Yredelemnul.
  4711 | D:4      | Found a shimmering altar of Xom.
  4715 | D:4      | Found a white marble altar of Elyvilon.
  4715 | D:4      | Found a sparkling altar of Nemelex Xobeh.
  4715 | D:4      | Found a blossoming altar of Fedhas.
  4719 | D:4      | Found a hazy altar of Hepliaklqana.
  5055 | D:5      | Entered Level 5 of the Dungeon
  5152 | D:5      | Found Isimebbimi's General Store.
  5161 | D:5      | Reached XP level 7. HP: 46/50 MP: 0/0
  5161 | D:5      | Learned a level 2 spell: Static Discharge
  5332 | D:5      | Bought a scroll of identify for 28 gold pieces
  6001 | D:5      | Reached skill level 5 in Dodging
  6035 | D:5      | Mangled by an ogre

Illustrated notes

Levels and vault maps discovered:
D:1:      tarquinn_simple_flora_water_d, layout_basic
D:2:      layout_basic, corexii_leaking_fountain, minmay_ruptured
D:3:      layout_basic, hellmonk_ghost_happy_afterlife
D:4:      layout_loops_cross, minitemple, minmay_temple_entry_statues_fountains,
          gup_sewer_entry_bowl
D:5:      layout_loops_cross, serial_shops,
          nicolae_shop_temple_entry_statues_fountains
Temple:   nicolae_temple_figure_eight

Skill      XL: |  1  2  3  4  5  6  7 |
---------------+----------------------+-----
Fighting       | 1 2 3 |  3.9
Dodging        | 3 4 5 |  5.0
Long Blades    | 1 2 |  2.5
Spellcasting   | 3 |  3.7
Stealth        | |  1.5

Action                   |  1- 3 |  4- 6 |  7- 9 || total
-------------------------+-------+-------+-------++-------
Melee: Dagger            |    10 |     9 |       ||    19
       Unarmed           |     1 |       |       ||     1
       Long sword        |       |    22 |     1 ||    23
 Cast: Foxfire           |    63 |    74 |    24 ||   161
       Conjure Flame     |       |       |     1 ||     1
  Use: Scroll            |       |       |     4 ||     4
 Stab: Sleeping          |     2 |     4 |       ||     6
       Paralysed         |       |     2 |       ||     2
Armor: Robe              |     2 |    14 |     3 ||    19
Dodge: Dodged            |    21 |    76 |    11 ||   108
       Rpst.: Long sword |       |    15 |     3 ||    18

Table legend: (Time is in decaauts)
 A = Elapsed time spent in this place.
 B = Non-inter-level travel time spent in this place.
 C = Inter-level travel time spent in this place.
 D = Time resting spent in this place.
 E = Time spent auto-exploring this place.
 F = Levels seen in this place.
 G = Mean time per level.
                   A        B        C        D        E       F      G
               +--------+--------+--------+--------+--------+-----+--------+
         Total |   6041 |   5771 |    270 |   1012 |   3728 |   7 |  863.0 |
       Dungeon |   5492 |   5233 |    259 |    739 |   3541 |   5 | 1098.4 |
        Temple |    159 |    148 |     11 |      0 |    127 |   1 |  159.0 |
         Sewer |    388 |    388 |      0 |    273 |     60 |   1 |  388.0 |
               +--------+--------+--------+--------+--------+-----+--------+

Top non-repeatable levels by time:
     D:4: 1567 daAuts
     D:2: 1229 daAuts
     D:1: 1164 daAuts
     D:5: 950 daAuts
     D:3: 581 daAuts
   Sewer: 388 daAuts
  Temple: 159 daAuts
